| TOP OF THE 1ST |
|
Decatur Commodores batting - Pitching for Waterloo Hawks : RHP Paul Voigt
|
|
Pitching: RHP Paul Voigt
|
|
|
Batting: LHB Alexis Marte
|
0-0: Ball 1-0: Ball 2-0: Foul Ball, location: 2F 2-1: Ball 3-1: Fly out, F8 (Flyball, 89D, EV 86.3 MPH)
|
|
Batting: SHB Roger Holt
|
0-0: Ball 1-0: Ball 2-0: Called Strike 2-1: Ground out U3 (Groundball, 3L, EV 106.9 MPH)
|
|
Batting: SHB Daniel Wieser
|
0-0: Ball 1-0: Ball 2-0: Ball 3-0: Called Strike 3-1: Base on Balls
|
|
Batting: LHB David Showalter
|
0-0: Called Strike 0-1: Swinging Strike 0-2: Ball 1-2: Foul Ball, location: 2F 1-2: Ball 2-2: Ball 3-2: Fly out, F7 (Line Drive, 7, EV 95.0 MPH)
|
| Top of the 1st over - 0 runs, 0 hits, 0 errors, 1 left on base; Decatur 0 - Waterloo 0 |
| BOTTOM OF THE 1ST |
|
Waterloo Hawks batting - Pitching for Decatur Commodores : LHP Rob Murphy
|
|
Pitching: LHP Rob Murphy
|
|
|
Batting: RHB Edward Irvine
|
0-0: Ball 1-0: Ground out 5-3 (Groundball, 56S, EV 63.8 MPH)
|
|
Batting: RHB Juan Baez
|
0-0: Ball 1-0: Ball 2-0: Called Strike 2-1: Swinging Strike 2-2: Foul Ball, location: 2F 2-2: Ball 3-2: Foul Ball, location: 2F 3-2: Base on Balls
|
|
Batting: LHB Ronald Davis
|
0-0: Ball 1-0: SINGLE (Line Drive, 7S, EV 91.3 MPH) Juan Baez to second
|
|
Batting: RHB Carmelo Aguayo
|
0-0: Called Strike 0-1: Foul Ball, location: 2F 0-2: Fly out, F6 (Line Drive, 6, EV 69.4 MPH)
|
|
Batting: LHB Burk Goldthorn
|
0-0: Swinging Strike 0-1: Ball 1-1: Called Strike 1-2: Foul Ball, location: 2F 1-2: Fly out, F9 (Flyball, 9, EV 91.9 MPH)
|
| Bottom of the 1st over - 0 runs, 1 hit, 0 errors, 2 left on base; Decatur 0 - Waterloo 0 |
| TOP OF THE 2ND |
|
Decatur Commodores batting - Pitching for Waterloo Hawks : RHP Paul Voigt
|
|
Batting: SHB Rondin Johnson
|
0-0: Called Strike 0-1: Fly out, F8 (Line Drive, 8LM, EV 92.5 MPH)
|
|
Batting: LHB Jerry Miller
|
0-0: Swinging Strike 0-1: Called Strike 0-2: Ground out 4-3 (Groundball, 4, EV 82.5 MPH)
|
|
Batting: RHB Clifton Wilder
|
0-0: Ball 1-0: Called Strike 1-1: Ball 2-1: Fly out, F8 (Flyball, 8RM, EV 90.6 MPH)
|
| Top of the 2nd over - 0 runs, 0 hits, 0 errors, 0 left on base; Decatur 0 - Waterloo 0 |
| BOTTOM OF THE 2ND |
|
Waterloo Hawks batting - Pitching for Decatur Commodores : LHP Rob Murphy
|
|
Batting: RHB Michael Williams
|
0-0: Ball 1-0: Ball 2-0: Called Strike 2-1: Swinging Strike 2-2: Ball 3-2: Strikes out swinging
|
|
Batting: SHB Nelson Liriano
|
0-0: Called Strike 0-1: Ball 1-1: Fly out, F9 (Line Drive, 9, EV 98.1 MPH)
|
|
Batting: RHB Mark Doran
|
0-0: Fly out, F4 (Popup, 34S, EV 84.4 MPH)
|
| Bottom of the 2nd over - 0 runs, 0 hits, 0 errors, 0 left on base; Decatur 0 - Waterloo 0 |
| TOP OF THE 3RD |
|
Decatur Commodores batting - Pitching for Waterloo Hawks : RHP Paul Voigt
|
|
Batting: LHB Samuel Taves
|
0-0: Ball 1-0: Ball 2-0: Called Strike 2-1: Ball 3-1: Ground out 6-3 (Groundball, 4M, EV 83.8 MPH)
|
|
Batting: RHB Rex Farrior
|
0-0: Ball 1-0: Called Strike 1-1: Ball 2-1: Foul Ball, location: 2F 2-2: Strikes out looking
|
|
Batting: LHB Alexis Marte
|
0-0: SINGLE (Line Drive, 7S, EV 95.0 MPH)
|
|
Batting: SHB Roger Holt
|
0-0: Ball 1-0: Ball 2-0: Called Strike 2-1: Fly out, F9 (Flyball, 9, EV 90.0 MPH)
|
| Top of the 3rd over - 0 runs, 1 hit, 0 errors, 1 left on base; Decatur 0 - Waterloo 0 |
| BOTTOM OF THE 3RD |
|
Waterloo Hawks batting - Pitching for Decatur Commodores : LHP Rob Murphy
|
|
Batting: RHB David Cusack
|
0-0: Ball 1-0: Fly out, F9 (Flyball, 89M, EV 94.4 MPH)
|
|
Batting: RHB Edward Irvine
|
0-0: Foul Ball, location: 2F 0-1: Ball 1-1: Foul Ball, location: 2F 1-2: Foul Ball, location: 2F 1-2: Foul Ball, location: 2F 1-2: Foul Ball, location: 2F 1-2: TRIPLE (Line Drive, 78XD, EV 106.9 MPH)
|
|
Batting: RHB Juan Baez
|
0-0: Ball 1-0: Foul Ball, location: 2F 1-1: Swinging Strike 1-2: Strikes out swinging
|
|
Batting: LHB Ronald Davis
|
0-0: Ball 1-0: Ball 2-0: Foul Ball, location: 2F 2-1: Foul Ball, location: 2F 2-2: SINGLE (Groundball, 4MD, EV 94.4 MPH) Edward Irvine scores
|
|
Batting: RHB Carmelo Aguayo
|
0-0: Ball 1-0: Ball 2-0: Ball 3-0: Base on Balls Ronald Davis to second
|
|
Batting: LHB Burk Goldthorn
|
0-0: Ball 1-0: Called Strike 1-1: Ground out 4-3 (Groundball, 4, EV 80.0 MPH)
|
| Bottom of the 3rd over - 1 run, 2 hits, 0 errors, 2 left on base; Decatur 0 - Waterloo 1 |
| TOP OF THE 4TH |
|
Decatur Commodores batting - Pitching for Waterloo Hawks : RHP Paul Voigt
|
|
Batting: SHB Daniel Wieser
|
0-0: Swinging Strike 0-1: Foul Ball, location: 2F 0-2: Ball 1-2: Foul Ball, location: 2F 1-2: Fly out, F8 (Flyball, 78XD, EV 93.8 MPH)
|
|
Batting: LHB David Showalter
|
0-0: Ball 1-0: Foul Ball, location: 2F 1-1: Foul Ball, location: 2F 1-2: Fly out, F8 (Line Drive, 8RM, EV 96.3 MPH)
|
|
Batting: SHB Rondin Johnson
|
0-0: Fly out, F5 (Line Drive, 5, EV 63.8 MPH)
|
| Top of the 4th over - 0 runs, 0 hits, 0 errors, 0 left on base; Decatur 0 - Waterloo 1 |
| BOTTOM OF THE 4TH |
|
Waterloo Hawks batting - Pitching for Decatur Commodores : LHP Rob Murphy
|
|
Batting: RHB Michael Williams
|
0-0: Ball 1-0: Swinging Strike 1-1: Fly out, F9 (Flyball, 89M, EV 82.5 MPH)
|
|
Batting: SHB Nelson Liriano
|
0-0: Ball 1-0: Foul Ball, location: 2F 1-1: Foul Ball, location: 2F 1-2: Ball 2-2: Strikes out swinging
|
|
Batting: RHB Mark Doran
|
0-0: Ball 1-0: Foul Ball, location: 2F 1-1: Foul Ball, location: 2F 1-2: Ball 2-2: Foul Ball, location: 2F 2-2: Ball 3-2: SINGLE (Line Drive, 34D, EV 96.9 MPH)
|
|
Batting: RHB David Cusack
|
0-0: Ball 1-0: Called Strike 1-1: Ball 2-1: Foul Ball, location: 2F 2-2: Foul Ball, location: 2F 2-2: Strikes out swinging
|
| Bottom of the 4th over - 0 runs, 1 hit, 0 errors, 1 left on base; Decatur 0 - Waterloo 1 |
| TOP OF THE 5TH |
|
Decatur Commodores batting - Pitching for Waterloo Hawks : RHP Paul Voigt
|
|
Batting: LHB Jerry Miller
|
0-0: Swinging Strike 0-1: Fly out, F9 (Flyball, 9LM, EV 91.3 MPH)
|
|
Batting: RHB Clifton Wilder
|
0-0: Ground out 4-3 (Groundball, 4, EV 91.3 MPH)
|
|
Batting: LHB Samuel Taves
|
0-0: Ball 1-0: Ball 2-0: Ball 3-0: Called Strike 3-1: Base on Balls
|
|
Batting: RHB Rex Farrior
|
0-0: Called Strike 0-1: Ball 1-1: SINGLE (Groundball, 56D, EV 106.3 MPH) Samuel Taves to second
|
|
Batting: LHB Alexis Marte
|
0-0: Ball 1-0: Ball 2-0: Ball 3-0: Called Strike 3-1: SINGLE (Line Drive, 7LS, EV 93.1 MPH) Samuel Taves to third Rex Farrior to second Runner from 3rd tries for Home, SAFE, throw by LF to home
|
|
Batting: SHB Roger Holt
|
0-0: Ball 1-0: Called Strike 1-1: Reached on error, E6 (Groundball, 6M, EV 79.4 MPH) Rex Farrior to third Alexis Marte to second
|
|
Batting: SHB Daniel Wieser
|
0-0: Foul Ball, location: 2F 0-1: Called Strike 0-2: Strikes out swinging
|
| Top of the 5th over - 1 run, 2 hits, 1 error, 3 left on base; Decatur 1 - Waterloo 1 |
| BOTTOM OF THE 5TH |
|
Waterloo Hawks batting - Pitching for Decatur Commodores : LHP Rob Murphy
|
|
Batting: RHB Edward Irvine
|
0-0: Foul Ball, location: 2F 0-1: Ball 1-1: Swinging Strike 1-2: SINGLE (Groundball, 56, EV 108.1 MPH)
|
|
Batting: RHB Juan Baez
|
0-0: Called Strike 0-1: Called Strike 0-2: Ball 1-2: Foul Ball, location: 2F 1-2: Ball Edward Irvine steals 2nd base (no throw) 2-2: Foul Ball, location: 2F 2-2: Fly out, F8 (Flyball, 8RS, EV 98.8 MPH)
|
|
Batting: LHB Ronald Davis
|
0-0: Ball 1-0: Ball 2-0: Ball 3-0: Called Strike 3-1: Swinging Strike 3-2: Strikes out swinging
|
|
Pitching: RHP Peyton Mosher
|
|
|
Batting: RHB Carmelo Aguayo
|
0-0: Ball 1-0: Ground out 4-3 (Groundball, 4, EV 101.3 MPH)
|
| Bottom of the 5th over - 0 runs, 1 hit, 0 errors, 1 left on base; Decatur 1 - Waterloo 1 |
| TOP OF THE 6TH |
|
Decatur Commodores batting - Pitching for Waterloo Hawks : RHP Paul Voigt
|
|
Batting: LHB David Showalter
|
0-0: Swinging Strike 0-1: Fly out, F5 (Popup, 56, EV 59.4 MPH)
|
|
Batting: SHB Rondin Johnson
|
0-0: Ball 1-0: Called Strike 1-1: Ball 2-1: Ball 3-1: Called Strike 3-2: Fly out, F7 (Flyball, 7LM, EV 94.4 MPH)
|
|
Batting: LHB Jerry Miller
|
0-0: Called Strike 0-1: Foul Ball, location: 2F 0-2: Fly out, F7 (Flyball, 7LS, EV 90.6 MPH)
|
| Top of the 6th over - 0 runs, 0 hits, 0 errors, 0 left on base; Decatur 1 - Waterloo 1 |
| BOTTOM OF THE 6TH |
|
Waterloo Hawks batting - Pitching for Decatur Commodores : RHP Peyton Mosher
|
|
Batting: LHB Burk Goldthorn
|
0-0: Ball 1-0: Ball 2-0: Called Strike 2-1: Ground out 3-1 (Groundball, 34, EV 105.0 MPH)
|
|
Batting: RHB Michael Williams
|
0-0: Called Strike 0-1: Ball 1-1: Ball 2-1: SINGLE (Groundball, 6MD, EV 106.9 MPH)
|
|
Batting: SHB Nelson Liriano
|
0-0: Swinging Strike 0-1: Ball 1-1: Called Strike 1-2: Ball 2-2: Strikes out swinging
|
|
Batting: RHB Mark Doran
|
0-0: Called Strike 0-1: Ball 1-1: Fly out, F8 (Flyball, 89XD, EV 93.1 MPH)
|
| Bottom of the 6th over - 0 runs, 1 hit, 0 errors, 1 left on base; Decatur 1 - Waterloo 1 |
| TOP OF THE 7TH |
|
Decatur Commodores batting - Pitching for Waterloo Hawks : RHP Paul Voigt
|
|
Batting: RHB Clifton Wilder
|
0-0: Ball 1-0: Swinging Strike 1-1: Ball 2-1: Called Strike 2-2: Strikes out swinging
|
|
Batting: LHB Samuel Taves
|
0-0: Called Strike 0-1: Called Strike 0-2: Ball 1-2: Foul Ball, location: 2F 1-2: Ball 2-2: Foul Ball, location: 2F 2-2: Ball 3-2: Base on Balls
|
|
Batting: RHB Rex Farrior
|
0-0: Foul Ball, location: 2F 0-1: Foul Ball, location: 2F 0-2: Ball 1-2: Foul Ball, location: 2F 1-2: Foul Ball, location: 2F 1-2: Foul Ball, location: 2F 1-2: Ball 2-2: Fielders Choice at 2nd, 4-6 (Groundball, 4, EV 87.5 MPH)
|
|
Batting: LHB Alexis Marte
|
0-0: Ball 1-0: Ball 2-0: Foul Ball, location: 2F 2-1: Called Strike 2-2: Foul Ball, location: 2F 2-2: Strikes out swinging
|
| Top of the 7th over - 0 runs, 0 hits, 0 errors, 1 left on base; Decatur 1 - Waterloo 1 |
| BOTTOM OF THE 7TH |
|
Waterloo Hawks batting - Pitching for Decatur Commodores : RHP Peyton Mosher
|
|
Batting: RHB David Cusack
|
0-0: Ball 1-0: Foul Ball, location: 2F 1-1: Ball 2-1: Ball 3-1: Called Strike 3-2: Foul Ball, location: 2F 3-2: Foul Ball, location: 2F 3-2: Base on Balls
|
|
Batting: RHB Edward Irvine
|
0-0: Ball David Cusack steals 2nd base 1-0: Called Strike 1-1: Ground out 5-3 (Groundball, 56, EV 86.3 MPH)
|
|
Batting: RHB Juan Baez
|
0-0: Swinging Strike 0-1: Foul Ball, location: 2F 0-2: Foul Ball, location: 2F 0-2: Ball 1-2: Foul Ball, location: 2F 1-2: Ball 2-2: Foul Ball, location: 2F 2-2: Reached on error, E5 (Groundball, 56, EV 80.0 MPH) David Cusack to third
|
|
Batting: LHB Ronald Davis
|
0-0: Called Strike 0-1: SINGLE (Groundball, 6MD, EV 108.8 MPH) David Cusack scores Juan Baez to second Runner from 2nd tries for 3rd, SAFE, no throw by CF
|
|
Batting: RHB Carmelo Aguayo
|
0-0: Called Strike 0-1: Grounds into double play, 4-6-3 (Groundball, 34, EV 101.3 MPH)
|
| Bottom of the 7th over - 1 run, 1 hit, 1 error, 1 left on base; Decatur 1 - Waterloo 2 |
| TOP OF THE 8TH |
|
Decatur Commodores batting - Pitching for Waterloo Hawks : RHP Paul Voigt
|
|
Batting: SHB Roger Holt
|
0-0: Called Strike 0-1: Fly out, F9 (Line Drive, 9, EV 93.8 MPH)
|
|
Batting: SHB Daniel Wieser
|
0-0: Foul Ball, location: 2F 0-1: Called Strike 0-2: Strikes out swinging
|
|
Batting: LHB David Showalter
|
0-0: Ball 1-0: Ball 2-0: Ball 3-0: Base on Balls
|
|
Batting: SHB Rondin Johnson
|
0-0: Ball 1-0: Foul Ball, location: 2F 1-1: Foul Ball, location: 2F 1-2: Ball 2-2: Foul Ball, location: 2F 2-2: Ball 3-2: Fly out, F9 (Flyball, 89S, EV 91.9 MPH)
|
| Top of the 8th over - 0 runs, 0 hits, 0 errors, 1 left on base; Decatur 1 - Waterloo 2 |
| BOTTOM OF THE 8TH |
|
Waterloo Hawks batting - Pitching for Decatur Commodores : RHP Peyton Mosher
|
|
Batting: LHB Burk Goldthorn
|
0-0: Ball 1-0: Called Strike 1-1: SINGLE (Flyball, 5D, EV 95.0 MPH)
|
|
Batting: RHB Michael Williams
|
0-0: Called Strike 0-1: Ball 1-1: Grounds into double play, 4-6-3 (Groundball, 34, EV 105.0 MPH)
|
|
Batting: SHB Nelson Liriano
|
0-0: Foul Ball, location: 2F 0-1: Swinging Strike 0-2: Foul Ball, location: 2F 0-2: Ball 1-2: Foul Ball, location: 2F 1-2: Fly out, F7 (Flyball, 78M, EV 80.0 MPH)
|
| Bottom of the 8th over - 0 runs, 1 hit, 0 errors, 0 left on base; Decatur 1 - Waterloo 2 |
| TOP OF THE 9TH |
|
Decatur Commodores batting - Pitching for Waterloo Hawks : RHP Paul Voigt
|
|
Batting: LHB Jerry Miller
|
0-0: Ball 1-0: Ground out 2-3 (Groundball, 2R, EV 75.0 MPH)
|
|
Batting: RHB Clifton Wilder
|
0-0: Ball 1-0: Fly out, F8 (Flyball, 8RD, EV 100.6 MPH)
|
|
Batting: LHB Samuel Taves
|
0-0: Called Strike 0-1: Foul Ball, location: 2F 0-2: Ball 1-2: Ball 2-2: Foul Ball, location: 2F 2-2: Fly out, F9 (Flyball, 9LM, EV 81.3 MPH)
|
| Top of the 9th over - 0 runs, 0 hits, 0 errors, 0 left on base; Decatur 1 - Waterloo 2 |
|